Map: Dusk Towers

Players

STaleodor - Winner!

  • Race: Terran Terran
  • League: Grandmaster

MrHalloween

  • Race: Terran Terran
  • League: Master

VOD

Have the link to the VOD?

Description

Time

  • Played on: March 1, 2016, 6:26 a.m.
  • Length: 5:30
Show
View Real Time Build Order
Export as new Build Order

STaleodor Terran - Winner!

Build Orders:  

Get SALT Encoding   

  12  0:00  SCV  
  13  0:12  SCV  
  14  0:17  Supply Depot  
  14  0:25  SCV  
  15  0:38  SCV  
  15  0:40  Barracks  
  16  0:44  Refinery  
  16  0:51  SCV  
  16  0:56  Refinery  
  17  1:04  SCV  
  18  1:17  SCV  
  19  1:26  Marine  
  19  1:30  Orbital Command  
  20  1:40  Supply Depot  
  20  1:44  Marine  
  21  1:52  Factory  
  21  1:57  SCV  
  22  2:07  Marine  
  23  2:09  SCV  
  24  2:23  SCV  
  24  2:25  Marine  
  26  2:35  SCV, Armory  
  27  2:37  Starport  
  27  2:38  Factory Tech Lab  
  27  2:46  Supply Depot  
  27  2:48  SCV  
  27  2:49  Marine  
  29  3:01  SCV  
  29  3:07  Marine  
  30  3:14  Supply Depot  
  30  3:24  Thor  
  36  3:28  Medivac  
  36  3:32  SCV  
  39  3:36  Marine  
  39  3:49  SCV  
  39  3:53  Marine  
  41  4:01  Supply Depot  
  41  4:06  Thor  
  47  4:22  Medivac  
  49  4:29  Marine  
  50  4:31  Supply Depot  
  52  5:28  Command Center  
Show
View Real Time Build Order
Export as new Build Order

MrHalloween Terran 

Build Orders:  

Get SALT Encoding   

  12  0:01  SCV  
  13  0:13  SCV  
  14  0:18  Supply Depot  
  14  0:25  SCV  
  15  0:39  SCV  
  15  0:41  Barracks  
  16  0:46  Refinery  
  16  0:51  SCV  
  17  1:03  SCV  
  17  1:04  Refinery  
  18  1:15  SCV  
  19  1:30  Orbital Command  
  19  1:31  Reaper  
  19  1:32  Supply Depot  
  20  1:56  SCV  
  20  1:57  Factory  
  21  2:03  Reaper  
  21  2:08  SCV  
  23  2:20  SCV  
  24  2:32  Command Center, SCV  
  25  2:39  Barracks Reactor  
  25  2:44  SCV, Hellion  
  27  2:49  Starport  
  28  2:56  SCV  
  29  3:00  Supply Depot  
  28  3:09  SCV  
  28  3:10  Factory Tech Lab  
  28  3:17  Marine x2  
  30  3:21  SCV  
  30  3:25  Medivac  
  33  3:33  SCV  
  34  3:38  Marine  
  34  3:39  Marine  
  34  3:41  Siege Tank  
  37  3:45  SCV  
  37  3:47  Orbital Command  
  38  3:56  Engineering Bay  
  38  3:57  Marine x2  
  40  4:04  Viking  
  42  4:10  SCV  
  43  4:17  Marine x2  
  43  4:20  Siege Tank  
  47  4:29  SCV  
  48  4:35  Marine x2  
  46  4:55  Marine, SCV  
  47  5:03  Marine  
  39  5:25  Barracks  
  39  5:27  Supply Depot x2  
Tags
 
Add a new tag
Caveats
  • Supply blocks, unpowered buildings, or Contaminate may cause inaccurate times.
  • Supply counts are checked every 10 seconds.